Map: Blackpink LE

Players

Tron - Winner!

  • Race: Protoss Protoss
  • League: Diamond
  • Spawn Location: 1:00

Mylasergopew

  • Race: Zerg Zerg
  • League: Diamond
  • Spawn Location: 7:00

VOD

Have the link to the VOD?

Description

Time

  • Played on: Jan. 17, 2018, 5:49 p.m.
  • Length: 17:37
Show
View Real Time Build Order
Export as new Build Order

Tron Protoss - Winner!

Build Orders: Oracle Opening 

Get SALT Encoding   

  12  0:00  Probe  
  13  0:13  Probe  
  14  0:23  Pylon  
  14  0:25  Probe  
  15  0:41  Probe (Chrono Boost)  
  17  0:50  Probe (Chrono Boost)  
  17  0:55  Probe (Chrono Boost)  
  18  1:06  Nexus  
  18  1:19  Gateway  
  18  1:26  Assimilator  
  18  1:28  Probe  
  19  1:40  Probe (Chrono Boost)  
  20  1:47  Pylon, Assimilator  
  20  1:53  Probe (Chrono Boost)  
  21  2:00  Probe (Chrono Boost)  
  22  2:07  Probe  
  23  2:12  Cybernetics Core  
  23  2:18  Probe  
  23  2:19  Probe  
  25  2:32  Gateway  
  25  2:46  Stalker (Chrono Boost)  
  25  2:50  Warp Gate  
  27  2:52  Probe (Chrono Boost)  
  27  2:55  Probe (Chrono Boost)  
  27  2:56  Pylon  
  29  3:04  Probe (Chrono Boost)  
  31  3:07  Probe (Chrono Boost)  
  31  3:09  Probe (Chrono Boost), Stalker  
  34  3:16  Probe, Stargate  
  35  3:21  Probe, Assimilator  
  35  3:25  Zealot, Assimilator  
  38  3:28  Probe  
  39  3:35  Probe (Chrono Boost)  
  39  3:36  Pylon  
  41  3:43  Probe (Chrono Boost)  
  41  3:48  Probe (Chrono Boost)  
  42  3:50  Zealot  
  42  3:52  Zealot  
  47  3:56  Probe (Chrono Boost)  
  47  3:57  Oracle (Chrono Boost)  
  47  4:00  Probe (Chrono Boost)  
  51  4:04  Probe  
  51  4:09  Pylon  
  52  4:11  Probe  
  52  4:16  Probe  
  54  4:22  Twilight Council  
  54  4:24  Probe  
  55  4:58  Charge (Chrono Boost)  
  55  5:00  Probe  
  56  5:09  Forge x2  
  56  5:13  Probe, Gateway  
  56  5:14  Gateway, Pylon, Void Ray  
  61  5:37  Protoss Ground Armor Level 1 (Chrono Boost), Protoss Ground Weapons Level 1 (Chrono Boost)  
  61  5:39  Stalker x2  
  65  5:45  Probe  
  65  5:49  Dark Shrine  
  66  5:55  Probe  
  67  6:00  Gateway  
  67  6:02  Pylon  
  67  6:03  Phoenix  
  69  6:05  Probe  
  69  6:09  Pylon  
  70  6:11  Zealot x2  
  70  6:12  Zealot x2  
  78  6:18  Pylon x2  
  78  6:37  Pylon  
  78  6:41  Pylon  
  78  6:47  Zealot x2  
  78  6:48  Zealot x2  
  78  6:53  Probe  
  87  6:58  Fleet Beacon  
  87  7:00  Nexus  
  87  7:05  Photon Cannon  
  87  7:11  Shield Battery  
  87  7:13  Pylon  
  87  7:19  Protoss Ground Weapons Level 2 (Chrono Boost), Pylon, Protoss Ground Armor Level 2 (Chrono Boost)  
  87  7:36  Probe x2  
  89  7:38  Carrier (Chrono Boost)  
  95  7:46  Graviton Catapult  
  95  7:48  Probe, Dark Templar  
  98  8:03  Sentry  
  100  8:13  Probe x2  
  100  8:16  Photon Cannon  
  100  8:17  Shield Battery  
  100  8:18  Gateway  
  103  8:20  Probe  
  103  8:24  Gateway  
  103  8:25  Probe  
  104  8:27  Probe  
  105  8:35  Stalker x4  
  105  8:36  Zealot  
  115  8:43  Carrier (Chrono Boost)  
  115  8:50  Probe  
  115  8:51  Probe  
  123  9:18  Stalker  
  123  9:19  Stalker x5  
  123  9:22  Probe  
  123  9:23  Probe  
  137  9:25  Assimilator  
  137  9:27  Assimilator  
  137  9:31  Protoss Ground Weapons Level 3 (Chrono Boost), Protoss Ground Armor Level 3 (Chrono Boost)  
  137  9:46  Templar Archives  
  137  9:58  Robotics Facility  
  137  10:01  Dark Templar x5  
  137  10:04  Probe  
  148  10:10  Probe  
  149  10:21  Stalker x2  
  151  10:22  Carrier (Chrono Boost)  
  131  10:35  Zealot x3  
  127  10:36  Zealot x3  
  115  10:46  Probe x2  
  109  10:50  Dark Templar x2  
  109  10:56  Probe  
  107  10:58  Probe  
  108  11:10  Observer  
  99  11:27  Dark Templar x3  
  99  11:28  Dark Templar  
  99  11:29  Zealot x2  
  99  11:32  Observer  
  92  11:53  Zealot x2  
  92  12:10  Nexus  
  82  12:23  Probe x2  
  72  12:49  Zealot x5  
  72  12:50  Zealot  
  80  12:57  Psionic Storm  
  74  12:59  Carrier  
  80  13:11  Probe  
  82  13:27  Probe (Chrono Boost)  
  82  13:28  Probe x2 (Chrono Boost)  
  84  13:37  Probe (Chrono Boost)  
  84  13:41  Probe x2 (Chrono Boost)  
  88  13:45  Probe (Chrono Boost)  
  88  13:48  Probe (Chrono Boost)  
  89  13:58  Dark Templar  
  89  14:00  High Templar x5  
  101  14:15  Probe x2  
  103  14:23  Pylon  
  103  14:24  Pylon  
  103  14:32  Stalker x4  
  103  14:33  Stalker x2  
  103  14:36  Carrier (Chrono Boost)  
  121  14:47  Probe x2  
  123  14:55  Dark Templar x2  
  123  14:56  Dark Templar x4  
  136  15:07  Probe x3  
  130  15:23  Stalker  
  132  15:29  Stalker x2  
  132  15:30  Stalker x4  
  144  15:38  Probe  
  145  15:48  Probe  
  145  15:55  Dark Templar  
  145  15:56  Dark Templar x2  
  151  15:57  Zealot  
  151  15:58  Zealot x3  
  152  16:30  Stalker x6  
  152  16:31  Stalker  
  146  16:55  Zealot x6  
  146  16:56  Zealot  
  148  17:36  High Templar x3  
  148  17:37  High Templar  
Show
View Real Time Build Order
Export as new Build Order

Mylasergopew Zerg 

Build Orders: Hatch First 

Get SALT Encoding   

  12  0:01  Drone  
  13  0:14  Overlord  
  13  0:23  Drone  
  13  0:26  Drone, Extractor  
  15  0:32  Drone  
  16  0:37  Drone  
  17  0:54  Hatchery  
  16  0:58  Drone  
  16  1:01  Drone  
  18  1:12  Extractor  
  18  1:16  Spawning Pool  
  16  1:19  Drone  
  16  1:22  Drone  
  18  1:29  Drone  
  19  1:40  Overlord  
  19  2:02  Queen  
  19  2:03  Zergling x4  
  19  2:06  Queen  
  19  2:07  Drone  
  26  2:21  Metabolic Boost  
  26  2:23  Drone  
  27  2:34  Hatchery  
  26  2:43  Queen  
  28  2:45  Drone  
  29  2:52  Drone  
  29  2:54  Overlord  
  30  3:05  Drone  
  30  3:06  Drone x2  
  33  3:13  Drone x2  
  33  3:17  Overlord  
  35  3:28  Queen  
  35  3:29  Evolution Chamber  
  35  3:30  Drone  
  37  3:35  Zergling x4  
  39  3:44  Drone x3  
  39  3:47  Drone x2  
  44  3:53  Queen  
  46  4:00  Drone x2  
  48  4:10  Zerg Melee Weapons Level 1  
  48  4:13  Drone  
  49  4:18  Pneumatized Carapace  
  49  4:32  Drone x9  
  49  4:33  Overlord  
  49  4:37  Overlord  
  58  5:05  Baneling Nest  
  57  5:08  Extractor, Lair  
  57  5:09  Extractor, Zergling x14  
  57  5:10  Zergling x20  
  57  5:13  Queen  
  74  5:15  Overlord  
  72  5:29  Spore Crawler  
  67  5:40  Drone x9  
  67  5:41  Drone x2  
  78  5:47  Queen  
  78  5:49  Drone x2  
  82  5:50  Baneling x2  
  82  5:51  Baneling x3  
  82  6:00  Extractor  
  81  6:12  Spore Crawler  
  81  6:15  Drone x2  
  81  6:16  Overlord  
  81  6:18  Overlord  
  82  6:19  Overlord  
  82  6:22  Spore Crawler  
  81  6:39  Drone, Extractor  
  82  6:40  Drone x11  
  82  6:41  Drone, Extractor  
  82  6:43  Centrifical Hooks  
  92  6:48  Drone x2  
  92  6:53  Overlord  
  94  7:16  Spine Crawler, Zerg Melee Weapons Level 2  
  94  7:18  Spine Crawler  
  92  7:24  Drone x3, Evolution Chamber, Hydralisk Den  
  92  7:25  Drone x3  
  96  7:30  Overlord  
  96  7:31  Overlord  
  96  7:32  Baneling  
  96  7:33  Baneling x6  
  96  7:34  Baneling  
  96  7:50  Zerg Ground Armor Level 1  
  96  7:52  Zergling x22  
  96  7:53  Zergling x8, Hatchery  
  96  7:57  Overlord x2  
  96  7:58  Overlord x2  
  110  8:08  Hydralisk  
  110  8:11  Muscular Augments  
  112  8:17  Hatchery  
  111  8:34  Hydralisk x8  
  111  8:35  Hydralisk x5  
  111  8:38  Baneling x2  
  137  8:47  Infestation Pit  
  136  9:20  Spire  
  136  9:24  Drone x9  
  142  9:26  Overlord  
  142  9:27  Overlord x2  
  142  9:29  Overlord x2  
  144  9:38  Baneling x7  
  144  9:40  Baneling x4  
  144  9:46  Queen  
  146  9:55  Overlord x5  
  146  9:58  Baneling x9  
  146  9:59  Hydralisk x2  
  148  10:01  Zergling x2  
  148  10:02  Zergling x22  
  148  10:05  Zerg Missile Weapons Level 1, Zerg Ground Armor Level 2  
  162  10:07  Hive  
  141  10:34  Hydralisk x10  
  118  10:55  Overseer  
  118  10:56  Overseer  
  118  10:58  Hydralisk x6  
  118  11:00  Zergling x32  
  146  11:10  Queen  
  146  11:11  Queen x2  
  145  11:19  Extractor  
  145  11:21  Extractor  
  112  11:37  Hydralisk x12  
  112  11:38  Zergling x2  
  103  11:54  Hydralisk x6  
  103  11:55  Zergling x8  
  104  12:13  Overseer  
  99  12:16  Hydralisk x2  
  99  12:17  Hydralisk x2  
  99  12:18  Zergling x6  
  93  12:43  Hydralisk x7  
  94  13:04  Queen x3  
  94  13:05  Queen  
  102  13:08  Zerg Melee Weapons Level 3  
  102  13:14  Zergling x2  
  102  13:15  Zergling x8  
  107  13:30  Zergling x2  
  107  13:31  Zergling x2  
  107  13:32  Hatchery  
  108  13:53  Zerg Flyer Weapons Level 1  
  108  13:55  Corruptor  
  108  13:56  Corruptor x3  
  108  14:00  Baneling  
  108  14:01  Baneling x5  
  116  14:18  Hatchery  
  116  14:21  Drone x3  
  116  14:22  Drone x4  
  122  14:34  Spore Crawler  
  121  14:46  Baneling x9  
  121  14:47  Zergling x4  
  121  14:48  Zergling x14  
  130  14:55  Drone x2  
  130  14:56  Drone  
  130  14:57  Drone  
  130  14:59  Drone  
  135  15:08  Zergling x10  
  135  15:12  Baneling x5  
  135  15:13  Baneling  
  138  15:14  Baneling  
  132  15:21  Overseer x2  
  132  15:23  Overseer  
  132  15:24  Overseer  
  132  15:38  Drone x3  
  132  15:39  Drone  
  132  15:41  Drone x2  
  138  15:56  Corruptor  
  138  15:57  Corruptor x2  
  144  16:11  Zergling x10  
  127  16:27  Overseer  
  126  16:40  Drone  
  126  16:41  Drone x2  
  102  16:48  Zergling x12  
  102  16:49  Zergling x18  
  102  16:50  Zergling x4  
Tags
 
Add a new tag
Caveats
  • Supply blocks, unpowered buildings, or Contaminate may cause inaccurate times.
  • Supply counts are checked every 10 seconds.